 Dungeon Crawl Stone Soup version 0.29.1-12-g30fa7ad0bf (webtiles) character file.

Game seed: 10873582691010810060

828 wormed the Ruffian (level 7, 0/67 HPs)
             Began as a Troll Gladiator on Dec 23, 2022.
             Succumbed to a water moccasin's poison
             ... on level 5 of the Dungeon.
             The game lasted 00:04:33 (4064 turns).

wormed the Ruffian (Troll Gladiator)                Turns: 4064, Time: 00:04:33

Health: 0/67       AC:  4    Str: 25    XL:     7   Next: 64%
Magic:  6/6        EV: 11    Int:  4    God:
Gold:   285        SH:  0    Dex: 17    Spells: 6/6 levels left

rFire   . . .      SeeInvis .     - Unarmed
rCold   . . .      Faith    .   (no shield)
rNeg    . . .      Spirit   .   a - +0 robe
rPois   .          Reflect  .   b - +0 hat
rElec   .          Harm     .   (no cloak)
rCorr   .          Rampage  .   (gloves unavailable)
Will    .....                   (boots unavailable)
Stlth   ++........              (no amulet)
HPRegen 1.01/turn               r - +6 ring of dexterity
MPRegen 0.10/turn               (no ring)

@: lethally poisoned (0 -> -11)
A: large, unfitting armour, claws 3, regeneration 1, shaggy fur 1, tough skin 1
a: no special abilities


You were on level 5 of the Dungeon.
You visited 2 branches of the dungeon, and saw 7 of its levels.

You collected 285 gold pieces.

Inventory:

Missiles
 c - 3 throwing nets (quivered)
 d - a large rock
Armour
 a - a +0 robe (worn)
 b - a +0 hat (worn)
Jewellery
 r - a +6 ring of dexterity (left claw)
Wands
 p - a wand of roots (3)
 v - a wand of mindburst (10)
Scrolls
 f - 3 scrolls of noise {unknown}
 h - 2 scrolls of blinking
 j - 3 scrolls of teleportation
 k - a scroll of fog
 o - a scroll of magic mapping
 s - a scroll of amnesia {unknown}
 u - a scroll of immolation {unknown}
 w - a scroll of enchant weapon
 x - a scroll of identify {unknown}
Potions
 e - 2 potions of curing {unknown}
 g - 2 potions of lignification {unknown}
 i - 2 potions of flight {unknown}
 l - a potion of mutation {unknown}
 m - 2 potions of might {unknown}
 n - 3 potions of heal wounds {unknown}
 q - a potion of magic {unknown}
 t - a potion of haste {unknown}


   Skills:
 + Level 3.2 Fighting
 + Level 3.6 Throwing
 + Level 2.6 Armour
 + Level 3.6 Dodging
 * Level 5.9 Unarmed Combat


You had 6 spell levels left.
You didn't know any spells.
Your spell library contained the following spells:

 Spells                   Type           Power      Damage    Failure   Level
 Apportation              Tloc           0%         N/A       50%         1
 Necrotise                Necr           0%         1d4       50%         1
 Summon Small Mammal      Summ           0%         N/A       50%         1
 Ensorcelled Hibernation  Hex/Ice        0%         N/A       65%         2
 Passwall                 Tmut/Erth      0%         N/A       65%         2
 Swiftness                Air            0%         N/A       86%         3
 Vampiric Draining        Necr           0%         2d6       86%         3
 Agony                    Necr           0%         N/A       100%        5
 Blade Hands              Tmut           0%         N/A       100%        5
 Irradiate                Conj/Tmut      0%         3d11      100%        5
 Dragon Form              Tmut           0%         N/A       100%        7


Dungeon Overview and Level Annotations

Branches:
Dungeon (6/15)             Temple (1/1) D:4

Altars:
Ashenzari
Fedhas
Gozag
Hepliaklqana
Makhleb
Nemelex Xobeh
Okawaru
Qazlal
Sif Muna
Uskayaw
Vehumet
Wu Jian
Zin
Lugonu

Annotations:
D:3 exclusion: statue, rottenturd's ghost, amateur OgBe


Innate Abilities, Weirdness & Mutations

You are too large for most types of armour.
You have claws for hands.
Your natural rate of healing is unusually fast.
You are covered in fur. (AC +1)
You have tough skin. (AC +1)


Message History

The yak gores you.
The water moccasin bites you but does no damage.
The iguana attacks as you move away! The iguana barely misses you.
The water moccasin misses you. The yak gores you.
* * * LOW HITPOINT WARNING * * *
The yak attacks as you move away! The yak closely misses you.
The water moccasin attacks as you move away!
The water moccasin bites you.
* * * LOW HITPOINT WARNING * * *
There is a stone staircase leading up here.
The water moccasin bites you.
* * * LOW HITPOINT WARNING * * *
The water moccasin bites you.
* * * LOW HITPOINT WARNING * * *
You climb upwards.
There is a stone staircase leading down here.
You miss the water moccasin. The water moccasin bites you.
* * * LOW HITPOINT WARNING * * *
You are poisoned.
The water moccasin poisons you!
You closely miss the water moccasin.
You feel very sick. The water moccasin barely misses you.
You scratch the water moccasin.
The water moccasin is lightly wounded.
You feel sick.
The water moccasin bites you but does no damage.
You scratch the water moccasin but do no damage.
The water moccasin is lightly wounded.
You feel sick. The water moccasin closely misses you.
You scratch the water moccasin.
The water moccasin is moderately wounded.
You feel sick. The water moccasin bites you.
* * * LOW HITPOINT WARNING * * *
You are lethally poisoned!
The water moccasin poisons you!
Blink to where?
Press: ? - help, Dir - move target
As you read the scroll of blinking, it crumbles to dust.
You die...

## #.# #.# .# ####'##
#.# .# #.....# #.# .##
#.....# #.# ..#
#.....# #.#
..#######.....# #.#
......[.+.....# #.#
.......##.....#######
#.#
..#######S......@...#
#.#
.........ยง##........#
#.#
..........##........#
#.#
..######..##........#
#.#
..######.###.########
#.# .<.............#
#.# ..##.....###.###
#######.# ..#..##..#
#.# #.......#
....###..# #.#
#.#######


You could see a water moccasin.

Vanquished Creatures
  A water moccasin (D:5)
  An ice beast (D:5)
  A phantom (D:4)
  2 quasits (D:3)
  4 jellies
  4 orc priests
  2 iguanas
  Natasha (thrice) (D:2)
  3 adders
  A worm (D:4)
  4 dart slugs
  10 orcs
  10 endoplasms
  4 giant cockroaches
  9 goblins
  10 hobgoblins
  2 jackals (D:2)
  5 quokkas
  5 ball pythons
  5 bats
  4 frilled lizards
  3 kobolds
  6 rats
99 creatures vanquished.

Notes
Turn   | Place    | Note
-------+----------+-------------------------------------------
     0 | D:1      | wormed the Troll Gladiator began the quest for the Orb.
     0 | D:1      | Reached XP level 1. HP: 19/19 MP: 0/0
   175 | D:1      | Reached XP level 2. HP: 26/28 MP: 1/1
   490 | D:1      | Found a faded altar of an unknown god.
   948 | D:2      | Reached XP level 3. HP: 27/35 MP: 2/2
  1291 | D:2      | Reached skill level 1 in Armour
  1300 | D:2      | Noticed Natasha
  1304 | D:2      | Killed Natasha
  1305 | D:2      | Reached XP level 4. HP: 26/42 MP: 3/3
  1361 | D:2      | Noticed Natasha
  1366 | D:2      | Killed Natasha
  1369 | D:2      | Noticed Natasha
  1376 | D:2      | Killed Natasha
  1377 | D:2      | Reached skill level 4 in Unarmed Combat
  1520 | D:3      | Found a transporter.
  1524 | D:3      | Noticed rottenturd's ghost (amateur OgBe)
  1552 | D:3      | Found a transporter.
  1611 | D:3      | Reached XP level 5. HP: 49/49 MP: 4/4
  1691 | D:3      | Found a radiant altar of Vehumet.
  1691 | D:3      | Noticed a charred statue
  2262 | D:4      | Found a staircase to the Ecumenical Temple.
  2323 | D:4      | Identified the +1 flail "Siaxte" {vorpal, rC- rN+ Int+4}
  2370 | D:4      | Noticed a phantom
  2380 | D:4      | Killed a phantom
  2381 | D:4      | Reached XP level 6. HP: 47/59 MP: 5/5
  2432 | D:4      | Found a burning altar of Makhleb.
  2438 | D:4      | Found a glowing silver altar of Zin.
  2438 | D:4      | Noticed a balrug
  2438 | D:4      | Noticed an angel
  2607 | D:4      | Reached skill level 5 in Unarmed Combat
  2653 | D:4      | You fall into a shaft and drop 1 floor!
  2653 | D:5      | Entered Level 5 of the Dungeon
  2774 | D:5      | Reached XP level 7. HP: 53/66 MP: 6/6
  2830 | D:5      | Found a shimmering blue altar of Sif Muna.
  3388 | Temple   | Entered the Ecumenical Temple
  4039 | D:6      | Noticed a yak
  4041 | D:6      | Noticed a yak
  4046 | D:6      | Noticed a yak
  4046 | D:6      | Noticed a yak
  4048 | D:6      | Noticed a yak
  4049 | D:6      | Noticed a yak
  4064 | D:5      | Succumbed to a water moccasin's poison

Illustrated notes

Levels and vault maps discovered:
D:1:      minmay_arrival_wavy_path, layout_loops_ring,
          shapermc_ecumenical_altar_totnotflames, chequers_hall_statues_corner_a
D:2:      layout_basic, uniq_natasha
D:3:      layout_loops_ring, vehumet_statue, gammafunk_ghost_stat_death,
          minmay_misc_feat_square, minmay_goblin_kobold_house
D:4:      layout_basic, grunt_temple_overflow_order_and_chaos_2,
          minmay_temple_entry_crystal_x, minmay_misc_feat_rows
D:5:      layout_basic, lemuel_blue_sif_altar, nrook_uturn, st_stairs_4,
          chequers_garden
D:6:      layout_rooms, mainiacjoe_overflow_six_doors_small
Temple:   corrupted_temple

Skill      XL: |  1  2  3  4  5  6  7 |
---------------+----------------------+-----
Throwing       | 2 3 |  3.6
Fighting       | 2 3 |  3.2
Armour         | 1 2 |  2.6
Unarmed Combat | 4 5 |  5.9
Dodging        | 3 |  3.6

Action                   |  1- 3 |  4- 6 |  7- 9 || total
-------------------------+-------+-------+-------++-------
Melee: Unarmed           |   107 |   111 |    57 ||   275
       Punch             |     2 |     2 |     1 ||     5
  Use: Scroll            |       |     7 |     1 ||     8
 Stab: Sleeping          |     6 |       |       ||     6
Armor: Robe              |    30 |    50 |    14 ||    94
Dodge: Dodged            |    43 |    73 |    27 ||   143
